General information
- name: BNet
- type: Ladder team game (AT/RT)
- host: Battle.net
- saver: Momoiro_Omnio
map: DragonFalls
- players: 8
- length: 54:37
- speed: Fast
- version: 1.26 W3XP
- replay type: Public
» download(334 KB)
Players
team 1 (loser)

»
tholswim (
green | 38 APM | 2096 actions | 54:34)
5 Keeper of the Grove
1 Force of Nature
2 Entangling Roots
2 Thorns Aura
5 Priestess of the Moon
3 Trueshot Aura
2 Searing Arrows
» actions
| Assign group hotkey | 28 | |
| Basic commands | 53 | |
| Build / train | 124 | |
| Enter build submenu | 30 | |
| Enter hero's abilities submenu | 10 | |
| Give item / drop item | 4 | |
| Right click | 1181 | |
| Select / deselect | 495 | |
| Select group hotkey | 66 | |
| Use ability | 105 | |
2096 total
» units
| Wisp | 29 | |
| Archer | 14 | |
| Hippogryph | 13 | |
| Dryad | 19 | |
| Mountain Giant | 3 | |
| Druid of the Talon | 1 | |
79 total
» upgrades
| Strength of the Moon | 1 | |
| Moon Armor | 1 | |
| Improved Bows | 1 | |
| Hippogryph Taming | 1 | |
| Strength of the Wild | 3 | |
| Abolish Magic | 1 | |
| Nature's Blessing | 1 | |
| Reinforced Hides | 3 | |
| Marksmanship | 1 | |
| Hardened Skin | 1 | |
| Resistant Skin | 1 | |
| Well Spring | 1 | |
| Ultravision | 1 | |
| Druid of the Talon Training | 1 | |
18 total
» buildings
| Altar of Elders | 1 | |
| Moon Well | 10 | |
| Ancient of War | 1 | |
| Ancient of Wonders | 1 | |
| Tree of Life | 2 | |
| Tree of Ages | 2 | |
| Hunter's Hall | 1 | |
| Ancient of Lore | 2 | |
| Ancient of Wind | 1 | |
| Ancient Protector | 9 | |
| Tree of Eternity | 1 | |
31 total
» build order
00:18 Altar of Elders
00:29 Moon Well
00:58 Ancient of War
01:32 Moon Well
01:46 Ancient of Wonders
04:05 Tree of Life
04:16 Moon Well
04:22 Tree of Ages
04:23 Tree of Ages
04:48 Hunter's Hall
05:49 Moon Well
07:23 Ancient of Lore
07:29 Ancient of Wind
07:46 Ancient Protector
08:52 Moon Well
08:58 Ancient Protector
09:43 Ancient Protector
09:53 Moon Well
11:09 Moon Well
11:21 Ancient of Lore
12:34 Ancient Protector
13:50 Tree of Eternity
14:46 Moon Well
21:48 Moon Well
22:01 Moon Well
23:15 Ancient Protector
23:20 Ancient Protector
26:32 Ancient Protector
26:41 Ancient Protector
27:01 Ancient Protector
42:57 Tree of Life
» items
| Scroll of Town Portal | 4 | |
| Potion of Healing | 1 | |
| Scroll of Healing | 1 | |
| Scroll of Protection | 1 | |
| Healing Salve | 1 | |
8 total

»
iCOD (
blue | 68 APM | 2698 actions | 39:33)
5 Shadow Hunter
2 Healing Wave
3 Hex
4 Beastmaster
2 Summon Bear
2 Summon Hawk
» actions
| Assign group hotkey | 27 | |
| Basic commands | 70 | |
| Build / train | 77 | |
| Enter build submenu | 27 | |
| Enter hero's abilities submenu | 9 | |
| Give item / drop item | 1 | |
| Remove unit from queue | 2 | |
| Right click | 1788 | |
| Select / deselect | 426 | |
| Select group hotkey | 135 | |
| Use ability | 136 | |
2698 total
» units
| Peon | 11 | |
| Grunt | 5 | |
| Wind Rider | 4 | |
| Troll Witch Doctor | 7 | |
| Shaman | 5 | |
| Raider | 17 | |
49 total
» upgrades
| Witch Doctor Training | 2 | |
| Ensnare | 1 | |
| Shaman Training | 2 | |
| Pillage | 1 | |
6 total
» buildings
| Altar of Storms | 1 | |
| Orc Burrow | 6 | |
| Barracks | 1 | |
| War Mill | 1 | |
| Watch Tower | 13 | |
| Stronghold | 1 | |
| Spirit Lodge | 1 | |
| Beastiary | 1 | |
| Voodoo Lounge | 1 | |
| Fortress | 1 | |
| Great Hall | 1 | |
28 total
» build order
00:22 Altar of Storms
00:36 Orc Burrow
00:55 Barracks
01:39 Orc Burrow
02:39 War Mill
04:09 Orc Burrow
04:14 Watch Tower
04:39 Watch Tower
04:51 Orc Burrow
05:19 Watch Tower
05:34 Watch Tower
05:39 Stronghold
06:55 Watch Tower
07:31 Watch Tower
08:07 Spirit Lodge
08:14 Beastiary
08:22 Voodoo Lounge
10:38 Fortress
11:15 Watch Tower
11:38 Watch Tower
11:39 Watch Tower
11:43 Great Hall
11:55 Watch Tower
12:08 Orc Burrow
12:12 Orc Burrow
12:26 Watch Tower
12:34 Watch Tower
12:39 Watch Tower
» items
| Healing Salve | 2 | |
| Scroll of Town Portal | 5 | |
7 total

»
Nvm-Da-Bullocks (
teal | 28 APM | 1115 actions | 39:08)
2 Priestess of the Moon
1 Trueshot Aura
1 Searing Arrows
2 Keeper of the Grove
1 Entangling Roots
1 Thorns Aura
» actions
| Assign group hotkey | 16 | |
| Basic commands | 54 | |
| Build / train | 76 | |
| Enter build submenu | 22 | |
| Enter hero's abilities submenu | 4 | |
| Right click | 501 | |
| Select / deselect | 269 | |
| Select group hotkey | 114 | |
| Use ability | 59 | |
1115 total
» units
| Wisp | 20 | |
| Archer | 16 | |
| Hippogryph | 10 | |
| Faerie Dragon | 4 | |
50 total
» upgrades
| Moon Armor | 3 | |
| Strength of the Moon | 2 | |
| Ultravision | 1 | |
| Nature's Blessing | 1 | |
| Hippogryph Taming | 1 | |
| Improved Bows | 1 | |
| Marksmanship | 1 | |
| Well Spring | 1 | |
11 total
» buildings
| Moon Well | 8 | |
| Altar of Elders | 1 | |
| Ancient of War | 1 | |
| Hunter's Hall | 1 | |
| Tree of Ages | 1 | |
| Ancient Protector | 6 | |
| Ancient of Wind | 1 | |
| Ancient of Wonders | 1 | |
| Tree of Eternity | 1 | |
| Tree of Life | 1 | |
22 total
» build order
00:37 Moon Well
00:42 Altar of Elders
01:10 Ancient of War
01:55 Hunter's Hall
02:34 Moon Well
03:18 Moon Well
04:07 Tree of Ages
04:22 Ancient Protector
04:53 Ancient Protector
06:16 Ancient Protector
07:09 Ancient of Wind
07:38 Moon Well
07:58 Ancient of Wonders
09:54 Ancient Protector
11:41 Ancient Protector
13:21 Moon Well
14:29 Tree of Eternity
14:45 Moon Well
22:00 Ancient Protector
34:37 Tree of Life
37:39 Moon Well
38:37 Moon Well
» items
| Scroll of Town Portal | 2 | |
| Potion of Healing | 2 | |
| Potion of Mana | 2 | |
| Lesser Clarity Potion | 1 | |
7 total

»
iHalo (
red | 37 APM | 2027 actions | 54:29)
4 Keeper of the Grove
2 Entangling Roots
2 Thorns Aura
4 Priestess of the Moon
2 Trueshot Aura
2 Searing Arrows
3 Naga Sea Witch
2 Frost Arrows
1 Forked Lightning
» actions
| Basic commands | 135 | |
| Build / train | 125 | |
| Enter build submenu | 55 | |
| Enter hero's abilities submenu | 12 | |
| Remove unit from queue | 7 | |
| Right click | 1002 | |
| Select / deselect | 591 | |
| Use ability | 100 | |
2027 total
» units
| Wisp | 55 | |
| Archer | 10 | |
| Chimaera | 12 | |
| Hippogryph | 10 | |
87 total
» upgrades
| Strength of the Wild | 3 | |
| Reinforced Hides | 2 | |
| Well Spring | 1 | |
| Corrosive Breath | 1 | |
7 total
» buildings
| Altar of Elders | 1 | |
| Moon Well | 11 | |
| Ancient of War | 1 | |
| Tree of Life | 10 | |
| Tree of Ages | 1 | |
| Hunter's Hall | 1 | |
| Ancient Protector | 15 | |
| Tree of Eternity | 3 | |
| Ancient of Wonders | 2 | |
| Ancient of Wind | 1 | |
| Chimaera Roost | 2 | |
48 total
» build order
00:23 Altar of Elders
00:42 Moon Well
01:41 Moon Well
02:18 Ancient of War
02:42 Moon Well
03:43 Moon Well
04:03 Tree of Life
04:16 Tree of Ages
04:21 Hunter's Hall
05:39 Ancient Protector
05:40 Ancient Protector
05:42 Ancient Protector
05:50 Ancient Protector
08:01 Ancient Protector
08:02 Ancient Protector
08:05 Ancient Protector
08:07 Ancient Protector
08:53 Tree of Eternity
08:53 Tree of Eternity
08:53 Tree of Eternity
09:09 Ancient of Wonders
10:39 Ancient of Wind
10:55 Moon Well
11:54 Moon Well
11:59 Chimaera Roost
12:02 Chimaera Roost
12:10 Ancient of Wonders
12:13 Ancient Protector
12:16 Ancient Protector
12:18 Moon Well
12:21 Moon Well
13:19 Moon Well
13:20 Moon Well
14:51 Tree of Life
15:10 Moon Well
18:18 Tree of Life
25:44 Tree of Life
25:52 Ancient Protector
25:54 Ancient Protector
25:55 Ancient Protector
26:06 Ancient Protector
26:36 Ancient Protector
37:30 Tree of Life
39:18 Tree of Life
40:23 Tree of Life
40:53 Tree of Life
41:43 Tree of Life
43:07 Tree of Life
» items
| Scroll of Town Portal | 7 | |
| Moonstone | 1 | |
8 total
team 2 (winner)

»
DJtest1 (
purple | 48 APM | 1305 actions | 26:54)
4 Dreadlord
2 Sleep
2 Vampiric Aura
4 Death Knight
2 Death Coil
2 Unholy Aura
» actions
| Assign group hotkey | 24 | |
| Basic commands | 103 | |
| Build / train | 75 | |
| Enter build submenu | 23 | |
| Enter hero's abilities submenu | 9 | |
| Give item / drop item | 1 | |
| Remove unit from queue | 1 | |
| Right click | 398 | |
| Select / deselect | 248 | |
| Select group hotkey | 351 | |
| Use ability | 72 | |
1305 total
» units
| Acolyte | 9 | |
| Ghoul | 11 | |
| Obsidian Statue | 3 | |
| Thunder Lizard | 1 | |
| Abomination | 5 | |
| Gargoyle | 9 | |
38 total
» upgrades
| Cannibalize | 2 | |
| Unholy Strength | 2 | |
| Unholy Armor | 2 | |
| Disease Cloud | 1 | |
| Ghoul Frenzy | 1 | |
| Stone Form | 1 | |
| Creature Attack | 2 | |
| Creature Carapace | 1 | |
12 total
» buildings
| Ziggurat | 10 | |
| Altar of Darkness | 1 | |
| Crypt | 2 | |
| Graveyard | 1 | |
| Nerubian Tower | 1 | |
| Tomb of Relics | 1 | |
| Halls of the Dead | 1 | |
| Black Citadel | 1 | |
| Slaughterhouse | 2 | |
| Spirit Tower | 2 | |
22 total
» build order
00:24 Ziggurat
00:30 Altar of Darkness
00:39 Crypt
01:45 Graveyard
02:02 Ziggurat
02:11 Nerubian Tower
03:00 Tomb of Relics
03:44 Ziggurat
03:56 Halls of the Dead
06:38 Black Citadel
06:49 Slaughterhouse
08:01 Slaughterhouse
11:36 Ziggurat
11:37 Spirit Tower
12:11 Ziggurat
12:53 Ziggurat
18:59 Crypt
19:11 Ziggurat
19:15 Ziggurat
19:19 Ziggurat
21:19 Spirit Tower
25:57 Ziggurat
» items
| Rod of Necromancy | 2 | |
| Potion of Healing | 2 | |
| Orb of Corruption | 2 | |
| Scroll of Town Portal | 2 | |
8 total
PEeONurfACE (
yellow | 59 APM | 3247 actions | 54:34)
7 Death Knight
3 Unholy Aura
3 Death Coil
1 Animate Dead
6 Lich
3 Frost Nova
2 Frost Armor
1 Death and Decay
6 Dreadlord
3 Vampiric Aura
2 Sleep
1 Inferno
» actions
| Assign group hotkey | 58 | |
| Basic commands | 393 | |
| Build / train | 158 | |
| Enter build submenu | 54 | |
| Enter hero's abilities submenu | 19 | |
| Give item / drop item | 5 | |
| Right click | 271 | |
| Select / deselect | 834 | |
| Select group hotkey | 1275 | |
| Use ability | 178 | |
3247 total
» units
| Acolyte | 24 | |
| Ghoul | 47 | |
| Crypt Fiend | 29 | |
| Goblin Shredder | 1 | |
101 total
» upgrades
| Cannibalize | 1 | |
| Web | 1 | |
| Creature Attack | 3 | |
| Ghoul Frenzy | 1 | |
| Creature Carapace | 3 | |
| Burrow | 1 | |
| Unholy Strength | 2 | |
| Unholy Armor | 2 | |
14 total
» buildings
| Altar of Darkness | 1 | |
| Crypt | 4 | |
| Ziggurat | 27 | |
| Tomb of Relics | 1 | |
| Necropolis | 4 | |
| Halls of the Dead | 2 | |
| Graveyard | 2 | |
| Sacrificial Pit | 1 | |
| Black Citadel | 1 | |
| Spirit Tower | 3 | |
46 total
» build order
01:02 Altar of Darkness
01:04 Crypt
01:07 Crypt
01:12 Ziggurat
01:18 Tomb of Relics
02:07 Ziggurat
02:45 Ziggurat
05:37 Necropolis
05:46 Halls of the Dead
06:51 Graveyard
07:01 Ziggurat
07:30 Ziggurat
08:53 Ziggurat
09:33 Ziggurat
10:04 Sacrificial Pit
11:29 Black Citadel
14:52 Ziggurat
32:13 Necropolis
33:06 Necropolis
34:52 Ziggurat
35:00 Ziggurat
35:03 Ziggurat
35:05 Ziggurat
35:09 Ziggurat
35:13 Ziggurat
35:15 Ziggurat
36:43 Ziggurat
38:17 Ziggurat
38:19 Graveyard
40:19 Crypt
40:21 Crypt
43:22 Necropolis
44:53 Ziggurat
44:55 Ziggurat
45:01 Ziggurat
45:05 Ziggurat
49:58 Halls of the Dead
52:20 Ziggurat
52:25 Ziggurat
52:31 Ziggurat
53:19 Spirit Tower
53:25 Spirit Tower
53:28 Spirit Tower
53:36 Ziggurat
53:48 Ziggurat
54:12 Ziggurat
» items
| Rod of Necromancy | 2 | |
| Scroll of Town Portal | 5 | |
| Orb of Corruption | 5 | |
| Orb of Venom | 1 | |
| Potion of Healing | 1 | |
14 total
Momoiro_Omnio (
pink | 60 APM | 3286 actions | 54:37)
9 Demon Hunter
3 Immolation
3 Evasion
1 Metamorphosis
2 Mana Burn
4 Priestess of the Moon
2 Trueshot Aura
2 Searing Arrows
» actions
| Basic commands | 155 | |
| Build / train | 108 | |
| ESC pressed | 17 | |
| Enter build submenu | 25 | |
| Enter hero's abilities submenu | 14 | |
| Give item / drop item | 5 | |
| Right click | 2056 | |
| Select / deselect | 601 | |
| Use ability | 304 | |
3286 total
» units
| Wisp | 42 | |
| Huntress | 2 | |
| Druid of the Claw | 10 | |
| Goblin Zeppelin | 1 | |
| Goblin Shredder | 1 | |
| Goblin Sapper | 4 | |
| Green Dragon | 2 | |
| Mountain Giant | 3 | |
65 total
» upgrades
| Ultravision | 2 | |
| Reinforced Hides | 3 | |
| Sentinel | 1 | |
| Druid of the Claw Training | 2 | |
| Mark of the Claw | 1 | |
| Well Spring | 1 | |
| Strength of the Wild | 3 | |
| Nature's Blessing | 1 | |
| Hardened Skin | 1 | |
| Resistant Skin | 1 | |
16 total
» buildings
| Altar of Elders | 1 | |
| Ancient of War | 1 | |
| Moon Well | 6 | |
| Hunter's Hall | 1 | |
| Tree of Ages | 1 | |
| Ancient of Wonders | 1 | |
| Tree of Eternity | 1 | |
| Ancient of Lore | 2 | |
| Tree of Life | 11 | |
| Ancient Protector | 7 | |
32 total
» build order
00:08 Altar of Elders
00:11 Ancient of War
00:15 Moon Well
02:08 Hunter's Hall
02:30 Moon Well
03:07 Moon Well
03:27 Tree of Ages
03:31 Ancient of Wonders
06:06 Tree of Eternity
06:47 Ancient of Lore
06:48 Ancient of Lore
10:53 Moon Well
11:33 Tree of Life
12:44 Moon Well
14:40 Tree of Life
14:47 Tree of Life
17:15 Tree of Life
18:39 Tree of Life
19:05 Moon Well
21:01 Tree of Life
22:15 Ancient Protector
22:16 Ancient Protector
23:18 Tree of Life
27:05 Tree of Life
29:34 Tree of Life
32:50 Ancient Protector
32:51 Ancient Protector
32:52 Ancient Protector
32:53 Ancient Protector
32:57 Ancient Protector
35:45 Tree of Life
39:56 Tree of Life
» items
| Staff of Teleportation | 1 | |
| Boots of Speed | 1 | |
| Scroll of Healing | 2 | |
| Scroll of Town Portal | 3 | |
| Anti-magic Potion | 1 | |
| Potion of Healing | 1 | |
| Orb of Venom | 1 | |
10 total
bornofosiris (
orange | 53 APM | 2875 actions | 54:34)
9 Death Knight
3 Death Coil
3 Unholy Aura
1 Animate Dead
2 Death Pact
» actions
| Assign group hotkey | 123 | |
| Basic commands | 7 | |
| Build / train | 70 | |
| Enter build submenu | 25 | |
| Enter hero's abilities submenu | 9 | |
| Remove unit from queue | 1 | |
| Right click | 1630 | |
| Select / deselect | 514 | |
| Select group hotkey | 346 | |
| Use ability | 150 | |
2875 total
» units
| Acolyte | 9 | |
| Ghoul | 8 | |
| Crypt Fiend | 9 | |
| Furbolg Shaman | 1 | |
| Frost Wyrm | 9 | |
| Green Dragon Whelp | 1 | |
| Green Drake | 1 | |
| Goblin Zeppelin | 1 | |
39 total
» upgrades
| Creature Attack | 3 | |
| Creature Carapace | 2 | |
| Web | 1 | |
| Freezing Breath | 1 | |
| Cannibalize | 1 | |
8 total
» buildings
| Crypt | 1 | |
| Ziggurat | 12 | |
| Altar of Darkness | 1 | |
| Graveyard | 2 | |
| Tomb of Relics | 1 | |
| Nerubian Tower | 1 | |
| Necropolis | 3 | |
| Halls of the Dead | 1 | |
| Black Citadel | 1 | |
| Sacrificial Pit | 2 | |
| Boneyard | 3 | |
| Spirit Tower | 3 | |
31 total
» build order
00:13 Crypt
00:14 Ziggurat
00:39 Altar of Darkness
01:02 Graveyard
01:16 Tomb of Relics
01:55 Ziggurat
02:07 Nerubian Tower
04:35 Necropolis
04:56 Halls of the Dead
06:17 Ziggurat
07:43 Black Citadel
08:22 Sacrificial Pit
08:50 Ziggurat
08:51 Ziggurat
10:06 Boneyard
10:08 Boneyard
10:57 Boneyard
11:32 Ziggurat
12:00 Ziggurat
12:31 Spirit Tower
12:33 Spirit Tower
12:36 Spirit Tower
13:44 Ziggurat
17:50 Ziggurat
22:19 Necropolis
» items
| Rod of Necromancy | 1 | |
| Scroll of Town Portal | 1 | |
| Scroll of Healing | 1 | |
3 total
Chat log
(00:15 / Allies) PEeONurfACE: mass units :)
(00:18 / Allies) DJtest1: lets rush ???
(00:22 / Allies) PEeONurfACE: um ok
(00:31 / Allies) PEeONurfACE: mass ghouls to aa web feinds
(00:32 / Allies) Momoiro_Omnio: I'm better at creeping though
(00:38 / Allies) PEeONurfACE: what ever
(00:41 / Allies) PEeONurfACE: you wnat
(00:43 / Allies) Momoiro_Omnio: where we hitting?
(00:51 / Allies) DJtest1: ghouls stats abombz here
(01:24 / Allies) Momoiro_Omnio: get fiends/wyrms
(01:29 / Allies) Momoiro_Omnio: and we should win guys...
(01:37 / Allies) PEeONurfACE: im mass ghouls to mass feinds
(01:40 / Allies) Momoiro_Omnio: guess I'm going bears for once...
(01:41 / Allies) PEeONurfACE: worms maybe
(01:42 / Allies) bornofosiris: what you got? pink?
(01:47 / Allies) Momoiro_Omnio: and hunts
(03:50 / Allies) Momoiro_Omnio: kill spiders first
(04:22 / Allies) Momoiro_Omnio: you take it
(04:32 / Allies) PEeONurfACE: wait
(04:51 / Allies) PEeONurfACE: nm
(05:14 / Allies) PEeONurfACE: mine ?
(05:23 / Allies) PEeONurfACE: purple
(05:31 / Allies) DJtest1: lets hit
(05:32 / Allies) PEeONurfACE: nm
(05:38 / Allies) PEeONurfACE: 1111
(06:04 / Allies) PEeONurfACE: man you didnt answer
(06:06 / Allies) DJtest1: u want ???
(06:07 / Allies) PEeONurfACE: sorry
(06:10 / Allies) PEeONurfACE: ill give you gols
(06:18 / Allies) Momoiro_Omnio: 3 elves
(07:13 / Allies) PEeONurfACE: nice
(07:14 / Allies) PEeONurfACE: rape
(07:17 / Allies) PEeONurfACE: sleep
(07:19 / Allies) PEeONurfACE: hero
(07:38 / Allies) PEeONurfACE: b
(07:39 / Allies) PEeONurfACE: b
(07:40 / Allies) PEeONurfACE: b
(07:40 / Allies) PEeONurfACE: b
(09:01 / Allies) PEeONurfACE: go
(09:16 / Allies) PEeONurfACE: nice
(09:55 / Allies) PEeONurfACE: nm
(10:20 / Allies) PEeONurfACE: no aa
(10:22 / Allies) PEeONurfACE: n]back
(10:27 / Allies) Momoiro_Omnio: no aa??
(10:30 / Allies) Momoiro_Omnio: fiends?
(10:31 / Allies) PEeONurfACE: i do
(10:37 / Allies) PEeONurfACE: not here
(10:46 / Allies) PEeONurfACE: out
(10:57 / Allies) PEeONurfACE: webing
(10:58 / Allies) PEeONurfACE: hard
(11:32 / Allies) PEeONurfACE: bakc
(11:38 / Allies) PEeONurfACE: in base
(11:42 / Allies) PEeONurfACE: back12112
(12:06 / Allies) PEeONurfACE: go
(12:25 / Allies) PEeONurfACE: 1 sec need tp
(12:39 / Allies) PEeONurfACE: go
(12:41 / Allies) PEeONurfACE: hit
(13:00 / Allies) PEeONurfACE: b
(13:04 / Allies) PEeONurfACE: all meet
(13:06 / Allies) PEeONurfACE: here now
(13:22 / Allies) PEeONurfACE: b
(13:22 / Allies) PEeONurfACE: to
(13:23 / Allies) PEeONurfACE: here
(13:33 / Allies) PEeONurfACE: jit hard
(13:33 / Allies) PEeONurfACE: now
(13:39 / Allies) PEeONurfACE: smash
(13:41 / Allies) PEeONurfACE: expo
(13:43 / Allies) PEeONurfACE: go
(13:44 / Allies) PEeONurfACE: all
(13:48 / Allies) PEeONurfACE: go
(14:14 / All) PEeONurfACE: die
(14:16 / All) PEeONurfACE: newbys
(14:41 / Allies) PEeONurfACE: next
(14:44 / Allies) PEeONurfACE: make they all tp
(14:56 / Allies) bornofosiris: meet there
(14:59 / Allies) bornofosiris: nvm
(15:06 / Allies) Momoiro_Omnio: forget me
(15:10 / Allies) Momoiro_Omnio: dont tp
(15:15 / Allies) PEeONurfACE: o
(15:17 / Allies) PEeONurfACE: ya
(15:18 / Allies) PEeONurfACE: you git it
(15:50 / All) PEeONurfACE: mass towers
(15:52 / All) PEeONurfACE: :)
(16:01 / Allies) PEeONurfACE: bring to web
(16:18 / Allies) PEeONurfACE: air back
(16:28 / Allies) PEeONurfACE: back
(16:30 / Allies) PEeONurfACE: move
(16:37 / Allies) PEeONurfACE: traped
(16:41 / Allies) PEeONurfACE: move
(16:56 / Allies) PEeONurfACE: mo
(17:00 / Allies) Momoiro_Omnio: out
(17:02 / Allies) PEeONurfACE: omg
(17:11 / Allies) PEeONurfACE: guys you traped me
(17:18 / Allies) Momoiro_Omnio: why attack there?
(17:25 / Allies) Momoiro_Omnio: it was a blockade
(17:29 / Allies) PEeONurfACE: i got trapoed you melee
(17:49 / Allies) PEeONurfACE: all aa
(17:55 / Allies) PEeONurfACE: they mass air
(18:14 / Allies) PEeONurfACE: look out
(18:18 / Allies) PEeONurfACE: nm
(18:43 / Allies) PEeONurfACE: run
(18:48 / Allies) PEeONurfACE: back
(18:53 / Allies) PEeONurfACE: we wll tp
(19:03 / Allies) PEeONurfACE: tp
(20:46 / Allies) PEeONurfACE: get main
(21:34 / Allies) DJtest1: meet up
(21:40 / Allies) PEeONurfACE: tp
(22:02 / Allies) Momoiro_Omnio: they coming to me
(22:07 / Allies) PEeONurfACE: ok
(22:09 / Allies) PEeONurfACE: illtyp
(23:11 / Allies) PEeONurfACE: attack
(23:21 / Allies) PEeONurfACE: hard
(23:50 / All) PEeONurfACE: jack pot
(23:54 / All) PEeONurfACE: ":)
(24:16 / Allies) PEeONurfACE: coming
(24:20 / Allies) PEeONurfACE: back to me
(24:21 / Allies) PEeONurfACE: fuck
(24:34 / All) tholswim: no aa
(24:43 / Allies) PEeONurfACE: me
(24:48 / Allies) bornofosiris: webv
(25:03 / Allies) Momoiro_Omnio: wood plz
(25:26 / Allies) DJtest1: goldplz
(26:57 / Allies) PEeONurfACE: hero heal
(27:03 / Allies) PEeONurfACE: why he leave
(27:06 / Allies) PEeONurfACE: we winningh
(27:19 / Allies) bornofosiris: heal my ass
(27:24 / Allies) bornofosiris: ty
(27:49 / Allies) PEeONurfACE: b
(27:49 / Allies) PEeONurfACE: b
(27:50 / Allies) PEeONurfACE: b
(28:02 / All) tholswim: wow what a good fight
(28:04 / Allies) PEeONurfACE: b
(28:05 / Allies) PEeONurfACE: woiw
(30:25 / Allies) PEeONurfACE: stay to gether
(30:30 / Allies) PEeONurfACE: canlce
(30:51 / Allies) bornofosiris: ready?
(30:54 / Allies) Momoiro_Omnio: sure
(30:54 / Allies) PEeONurfACE: yup
(31:30 / Allies) PEeONurfACE: eat
(31:56 / Allies) PEeONurfACE: fuck it?
(32:44 / Allies) PEeONurfACE: im building a s i go
(32:47 / Allies) PEeONurfACE: you should 2
(33:11 / Allies) PEeONurfACE: stay together
(33:18 / Allies) PEeONurfACE: need you
(33:26 / Allies) bornofosiris: comingh
(33:27 / Allies) PEeONurfACE: go
(33:30 / Allies) PEeONurfACE: melee lead
(33:35 / Allies) PEeONurfACE: pink
(33:36 / Allies) PEeONurfACE: you melee
(33:37 / Allies) PEeONurfACE: lead
(33:43 / Allies) PEeONurfACE: pink
(33:45 / Allies) PEeONurfACE: go
(33:47 / Allies) PEeONurfACE: roar
(33:54 / All) tholswim: he sucks
(34:01 / Allies) PEeONurfACE: go
(34:02 / Allies) PEeONurfACE: all
(34:11 / Allies) PEeONurfACE: brears roar
(34:15 / Allies) PEeONurfACE: good
(34:20 / Allies) PEeONurfACE: heal
(34:32 / Allies) PEeONurfACE: 111111
(34:46 / All) PEeONurfACE: gg
(34:56 / Allies) PEeONurfACE: dk heal
(35:54 / Allies) PEeONurfACE: dam
(35:56 / Allies) PEeONurfACE: i need 2 tp
(35:57 / Allies) PEeONurfACE: lol
(36:01 / Allies) PEeONurfACE: go tit
(37:18 / All) PEeONurfACE: to bad no star fall:(
(38:52 / All) PEeONurfACE: tp
(39:17 / All) PEeONurfACE: dead
(40:04 / All) PEeONurfACE: never quit
(40:11 / All) PEeONurfACE: i love the fight:)
(40:47 / All) tholswim: oh fuck thios
(40:53 / All) PEeONurfACE: lol
(41:16 / All) tholswim: nope
(41:20 / All) tholswim: not gonna do it
(41:25 / All) PEeONurfACE: decay
(41:26 / All) PEeONurfACE: coming
(41:28 / All) PEeONurfACE: green
(41:33 / All) Momoiro_Omnio: I was rusty...
(41:44 / All) PEeONurfACE: decay
(41:55 / All) tholswim: run away
(41:57 / All) tholswim: run away
(42:55 / All) PEeONurfACE: 3 6's
(42:57 / All) PEeONurfACE: hero
(42:59 / All) PEeONurfACE: 666
(43:02 / All) PEeONurfACE: nm
(43:05 / All) PEeONurfACE: 7 6v6
(43:25 / Allies) PEeONurfACE: wood me
(43:33 / All) PEeONurfACE: lol
(43:34 / All) PEeONurfACE: pink
(43:39 / Allies) Momoiro_Omnio: mana burn kill...
(43:40 / All) tholswim: histerical
(43:55 / Allies) PEeONurfACE: ok
(45:03 / All) bornofosiris: are we done here?
(45:12 / All) iHalo: YEah
(45:17 / All) bornofosiris: gg
(45:28 / All) iHalo: O.o
(46:02 / All) PEeONurfACE: mass ghouls
(46:16 / All) iHalo: i can beat that
(46:45 / Allies) PEeONurfACE: look
(46:48 / All) tholswim: red and i are hiding
(46:53 / Allies) PEeONurfACE: at shop
(46:55 / Allies) PEeONurfACE: reveal
(47:03 / All) tholswim: we each have one tree
(47:11 / All) iHalo: READY GO
(47:15 / All) iHalo: its a rat race
(47:15 / All) tholswim: oh shit red has two
(47:24 / All) tholswim: go guys
(47:51 / All) tholswim: what does it matter red
(48:19 / All) iHalo: im gonna grab a beer
(48:51 / All) bornofosiris: i am having dinner
(48:52 / All) tholswim: oh come on
(48:56 / All) tholswim: get one of them
(49:01 / All) tholswim: red you win
(49:06 / All) bornofosiris: red good one
(49:12 / All) bornofosiris: nice camo
(49:12 / All) iHalo: :)
(49:15 / All) PEeONurfACE: gg
(49:18 / All) PEeONurfACE: lol
(49:21 / All) iHalo: gg
(49:22 / All) tholswim: one more
(49:49 / All) tholswim: i wish we could play hot and cold
(50:26 / Allies) PEeONurfACE: we cant even use units fuck
(51:19 / All) PEeONurfACE: leave
(51:21 / All) PEeONurfACE: penis
(51:23 / All) bornofosiris: lol
(51:25 / All) iHalo: you
(51:29 / All) PEeONurfACE: y
(51:29 / All) Momoiro_Omnio: Still not won yet?
(51:35 / All) PEeONurfACE: i have a army to control
(51:40 / All) PEeONurfACE: im having fun:(
(51:48 / All) bornofosiris: wtf
(51:54 / All) bornofosiris: timer wolf still alive
(52:01 / Allies) bornofosiris: timber
(52:02 / Allies) PEeONurfACE: yup
(52:53 / All) bornofosiris: gay gay gay
(53:07 / Allies) PEeONurfACE: i mass towersing
(53:16 / All) tholswim: haha
(53:17 / Allies) PEeONurfACE: everywere
(53:52 / All) tholswim: the battle at my base was epic
(53:59 / All) PEeONurfACE: yup
(54:02 / All) PEeONurfACE: epic fail
(54:04 / All) PEeONurfACE: :)
(54:05 / All) tholswim: i love long battles
(54:07 / All) PEeONurfACE: good fight
(54:10 / All) PEeONurfACE: ya
(54:10 / All) bornofosiris: got it
(54:21 / All) tholswim: appluse
(54:23 / All) iHalo: GG!
(54:31 / All) PEeONurfACE: pink was there
(54:32 / All) PEeONurfACE: lol